 Dungeon Crawl Stone Soup version 0.23.2 (webtiles) character file.

Game seed: 6889724975437748472

1360 night the Firebug (level 8, 0/41 HPs)
             Began as a Gargoyle Fire Elementalist on Apr 13, 2019.
             Slain by an orc warrior
             ... wielding a +0 mace
              (13 damage)
             ... on level 6 of the Dungeon.
             The game lasted 00:18:08 (7505 turns).

night the Firebug (Gargoyle Fire Elementalist)      Turns: 7505, Time: 00:18:09

Health: 0/41       AC:  9    Str: 13    XL:     8   Next: 64%
Magic:  13/15      EV: 12    Int: 17    God:
Gold:   398        SH:  0    Dex: 10    Spells: 7/16 levels left

rFire    + . .     SeeInvis .   a - +3 quarterstaff (chaos)
rCold    x . .     Gourm    .   (shield currently unavailable)
rNeg     + . .     Faith    .   q - +0 robe
rPois    ∞         Spirit   .   (no helmet)
rElec    +         Reflect  .   r - +0 cloak
rCorr    .         Harm     .   p - +0 pair of gloves
MR       .....                  (no boots)
Stlth    ++........             (no amulet)
HPRegen  0.13/turn              d - ring of fire
MPRegen  0.14/turn              (no ring)

@: no status effects
A: negative energy resistance 1, electricity resistance, unbreathing,
petrification resistance, rot immunity, AC +5
a: no special abilities


You were on level 6 of the Dungeon.
You were not hungry.

You visited 2 branches of the dungeon, and saw 7 of its levels.

You collected 398 gold pieces.

Inventory:

Hand Weapons
 a - a +3 quarterstaff of chaos (weapon)
 b - a +0 trident
 j - the +4 dagger "Dragonbane" {drain, Str+4 Dex+6}
   (You found it on level 4 of the Dungeon)

   A truly terrible weapon, it drains the life of those it strikes.
   It affects your strength (+4).
   It affects your dexterity (+6).
 v - a +0 shortbow
 B - a +0 arbalest
Missiles
 e - 8 javelins
 f - 224 stones (quivered)
 u - 67 arrows
 D - 13 bolts
Armour
 p - a +0 pair of gloves (worn)
 q - a +0 robe (worn)
 r - a +0 cloak (worn)
Jewellery
 d - a ring of fire (left hand)
 y - an uncursed ring of positive energy {unknown}
Wands
 g - a wand of flame (20)
Scrolls
 k - 4 scrolls of identify
 m - a scroll of enchant weapon
 s - 3 scrolls of teleportation
 x - 4 scrolls of remove curse
 E - a scroll of magic mapping {unknown}
Potions
 h - 7 potions of curing
 i - a potion of mutation
 l - a potion of invisibility
 n - a potion of agility
 o - a potion of berserk rage {unknown}
 t - 2 potions of might
 w - a potion of heal wounds
 z - a potion of haste
 C - a potion of lignification {unknown}
Comestibles
 c - 10 rations
 A - 2 chunks of flesh


   Skills:
 * Level 5.6 Staves
 - Level 1.5 Dodging
 - Level 2.1 Stealth
 + Level 4.8 Spellcasting
 + Level 5.3 Conjurations
 + Level 5.7 Fire Magic


You had 7 spell levels left.
You knew the following spells:

 Your Spells              Type           Power        Failure   Level  Hunger
a - Flame Tongue          Conj/Fire      ####.        1%          1    None
b - Conjure Flame         Conj/Fire      ####....     4%          3    ###....
c - Fireball              Conj/Fire      ####......   38%         5    ######.

Your spell library contained the following spells:

 Spells                   Type           Power        Failure   Level  Hunger
 Throw Flame              Conj/Fire      ####..       2%          2    #......
 Corona                   Hex            #......      14%         1    None
 Dazzling Spray           Conj/Hex       ##....       14%         3    ###....
 Inner Flame              Hex/Fire       ###.....     14%         3    ###....
 Sticky Flame             Conj/Fire      ####....     14%         4    ####...
 Ensorcelled Hibernation  Hex/Ice        #.....       22%         2    #......
 Confuse                  Hex            #.......     41%         3    ###....
 Tukima's Dance           Hex            #.......     41%         3    ###....


Dungeon Overview and Level Annotations

Branches:
Dungeon (6/15)             Temple (1/1) D:4

Altars:
Dithmenos
Elyvilon
Fedhas
Gozag
Hepliaklqana
Kikubaaqudgha
Makhleb
Nemelex Xobeh
Okawaru
Qazlal
Sif Muna
Vehumet
Wu Jian
Xom
Yredelemnul
Zin
The Shining One


Innate Abilities, Weirdness & Mutations

You are resistant to torment.
Your stone body is resilient. (AC +5)
You are immune to poison.
You resist negative energy. (rN+)
You are resistant to electric shocks. (rElec)
You can survive without breathing.
You are immune to petrification.
You are immune to rotting.


Message History

Aiming: Flame Tongue (safe; 1% risk of failure)
Press: ? - help, Shift-Dir - straight line, f - orc warrior
Aim: an orc warrior, wielding a +0 mace and wearing a +0 plate armour (lightly wounded)
You feel a surge of power!
The flame tongue hits the orc warrior but does no damage.
The orc warrior is lightly wounded.
The orc warrior hits you with a +0 mace.
* * * LOW HITPOINT WARNING * * *
The orc wizard casts a spell.
The orc wizard blinks!
Casting: Flame Tongue (safe; 1% risk of failure)
Confirm with . or Enter, or press ? or * to list all spells.
Aiming: Flame Tongue (safe; 1% risk of failure)
Press: ? - help, Shift-Dir - straight line, f/p - orc warrior
Aim: an orc warrior, wielding a +0 mace and wearing a +0 plate armour (lightly wounded)
You feel a surge of power!
The flame tongue hits the orc warrior but does no damage.
The orc warrior is lightly wounded.
The orc warrior hits you with a +0 mace!
You die...

# #.........# #
#.#######.# #
###.#..# #.# #
#...#..## #.# #
###.#..<# #.# #
#.#...# #.# ###
#.#.o.# #.# ..#
#.##o####.#
#.########.##.oo@..#
#.##.......#######.#
..##.####### ###
####.# .....# ######


You could see an orc warrior and 2 orcs.

Vanquished Creatures
  Menkaure (D:6)
  A black bear (D:6)
  A phantom (D:4)
  A centaur (D:6)
  A bullfrog (D:6)
  3 scorpions
  A wight (D:5)
  A crimson imp (D:5)
  A centaur zombie (D:6)
  3 hounds
  Crazy Yiuf (D:2)
  4 orc wizards
  Jessica (D:3)
  A bullfrog skeleton (D:5)
  3 worker ants
  Robin (D:3)
  12 adders
  4 gnolls (D:3)
  A worm (D:3)
  2 dart slugs
  3 leopard geckos
  12 orcs
  9 giant cockroaches
  8 hobgoblins
  4 jackals
  6 quokkas
  2 ball pythons
  9 bats
  3 frilled lizards
  17 goblins
  19 kobolds
  A quokka zombie (D:6)
  5 rats
  A plant (D:1)
143 creatures vanquished.

Vanquished Creatures (others)
  2 plants (D:1)
2 creatures vanquished.

Grand Total: 145 creatures vanquished

Notes
Turn   | Place    | Note
-------+----------+-------------------------------------------
     0 | D:1      | night the Gargoyle Fire Elementalist began the quest for
                  | the Orb.
     0 | D:1      | Reached XP level 1. HP: 10/10 MP: 3/3
    11 | D:1      | You fall through a shaft!
   247 | D:1      | Reached XP level 2. HP: 15/15 MP: 1/5
  1084 | D:1      | Reached XP level 3. HP: 9/19 MP: 3/6
  2395 | D:2      | Reached XP level 4. HP: 14/24 MP: 6/8
  2606 | D:2      | Learned a level 3 spell: Conjure Flame
  3244 | D:2      | Found a runed translucent door.
  3245 | D:2      | Noticed Crazy Yiuf
  3255 | D:2      | Killed Crazy Yiuf
  3255 | D:2      | Reached XP level 5. HP: 15/28 MP: 1/9
  3405 | D:2      | Learned a level 5 spell: Fireball
  3799 | D:3      | Reached skill level 1 in Staves
  4036 | D:3      | Reached XP level 6. HP: 7/32 MP: 0/11
  4094 | D:3      | Noticed Jessica
  4163 | D:3      | Killed Jessica
  4262 | D:3      | Noticed Robin
  4280 | D:3      | Killed Robin
  4461 | D:3      | Found a shadowy altar of Dithmenos.
  5148 | D:4      | Reached XP level 7. HP: 27/36 MP: 12/12
  5475 | D:4      | Found a staircase to the Ecumenical Temple.
  5497 | Temple   | Entered the Ecumenical Temple
  5640 | D:4      | Got a shimmering dagger
  5641 | D:4      | Identified the +4 dagger "Dragonbane" {drain, Str+4 Dex+6}
                  | (You found it on level 4 of the Dungeon)
  5878 | D:4      | Reached skill level 5 in Fire Magic
  5978 | D:5      | Entered Level 5 of the Dungeon
  6138 | D:5      | Found an ancient bone altar of Kikubaaqudgha.
  6875 | D:6      | Reached XP level 8. HP: 38/41 MP: 14/14
  7091 | D:6      | Noticed Menkaure
  7106 | D:6      | Reached skill level 5 in Staves
  7106 | D:6      | Reached skill level 5 in Conjurations
  7161 | D:6      | Killed Menkaure
  7316 | D:6      | Found a hazy altar of Hepliaklqana.
  7320 | D:6      | Found a radiant altar of Vehumet.
  7505 | D:6      | Slain by an orc warrior

Skill      XL: |  1  2  3  4  5  6  7  8 |
---------------+-------------------------+-----
Conjurations   | 2 3 4 5 |  5.3
Spellcasting   | 3 4 |  4.8
Fire Magic     | 4 5 |  5.7
Staves         | 1 2 4 5 |  5.6
Dodging        | |  1.5
Stealth        | |  2.1

Action                   |  1- 3 |  4- 6 |  7- 9 || total
-------------------------+-------+-------+-------++-------
Melee: Unarmed           |    34 |       |       ||    34
       Short sword       |   236 |    48 |       ||   284
       Quarterstaff      |       |    92 |   132 ||   224
 Cast: Flame Tongue      |    33 |    64 |    12 ||   109
       Conjure Flame     |       |     1 |       ||     1
  Use: Potion            |     1 |       |       ||     1
       Scroll            |       |     1 |    13 ||    14
 Stab: Sleeping          |     3 |     5 |     3 ||    11
       Distracted        |     1 |       |       ||     1
       Confused          |       |     1 |       ||     1
       Paralysed         |       |       |     8 ||     8
       Petrified         |       |       |     2 ||     2
       Petrifying        |       |       |     1 ||     1
  Eat: Chunk             |     6 |     9 |     4 ||    19
       Ration            |       |       |     1 ||     1
Armor: Robe              |    76 |    71 |    52 ||   199
Dodge: Dodged            |   156 |   112 |    68 ||   336
